 Dungeon Crawl Stone Soup version 0.28-a0-1435-g82390b3a13 (webtiles) character file.

Game seed: 14950340308801530573

10035 blank1 the Nimble (level 11, -23/84 HPs)
             Began as a Djinni Fire Elementalist on Jan 10, 2022.
             Was a Priest of Makhleb.
             Annihilated by a dire elephant (36 damage)
             ... on level 1 of the Lair of Beasts.
             The game lasted 00:45:33 (14668 turns).

blank1 the Nimble (Djinni Fire Elementalist)       Turns: 14668, Time: 00:45:33

Health: -23/84     AC:  6    Str:  7    XL:     11   Next: 85%
Gold:   595        EV: 18    Int: 24    God:    Makhleb [***...] SH:  5 Dex: 17

rFire   + + +      SeeInvis .   g - staff of fire
rCold   x . .      Faith    .   (no shield)
rNeg    . . .      Spirit   .   v - +0 robe {Archmagi}
rPois   ∞          Reflect  +   u - +0 helmet
rElec   .          Harm     .   y - +0 cloak
rCorr   .          Rampage  .   a - +1 pair of gloves of Gihauruq {Stlth+}
Will    +....      Archmagi +   (boots unavailable)
Stlth   ++++......              j - amulet of reflection
HPRegen 0.24/turn               b - +6 ring of intelligence
MPRegen 0.00/turn               B - ring of wizardry

@: flying
A: sickness immunity, fire resistance 2, cold vulnerability 1, float, innate
caster, hp casting, extra vitality 1
a: Renounce Religion, Minor Destruction, Lesser Servant of Makhleb


You were on level 1 of the Lair of Beasts.
You worshipped Makhleb.
Makhleb was most pleased with you.
You visited 3 branches of the dungeon, and saw 11 of its levels.
You also visited: Bailey.

You collected 788 gold pieces.
You spent 193 gold pieces at shops.

Inventory:

Hand Weapons
 f - a +3 dagger of flaming
 h - the +3 spear of Demand {flame, rElec rC+ SInv}
   (You found it on level 2 of the Dungeon)

   It burns those it strikes, dealing additional fire damage.
   rC:        It protects you from cold.
   rElec:     It insulates you from electricity.
   SInv:      It lets you see invisible.
Missiles
 o - 3 throwing nets
Armour
 a - the +1 pair of gloves of Gihauruq (worn) {Stlth+}
   (You bought it in a shop on level 4 of the Dungeon)

   Stlth:     It makes you more stealthy.
 u - a +0 helmet (worn)
 v - a +0 robe of the Archmagi (worn)
 x - a +0 kite shield of protection
 y - a +0 cloak (worn)
Magical Staves
 g - a staff of fire (weapon)
 F - a staff of conjuration
Jewellery
 b - a +6 ring of intelligence (left hand)
 j - an amulet of reflection (around neck)
 z - the amulet "Sak Ros" {RegenMP Int+6}
   (You found it on level 8 of the Dungeon)

   [amulet of magic regeneration]

   It increases your rate of magic regeneration.
   Int:       It affects your intelligence (+6).
 B - a ring of wizardry (right hand)
 C - a ring of positive energy
Wands
 i - a wand of flame (23)
 p - a wand of digging (14)
 q - a wand of iceblast (29)
Scrolls
 d - a scroll of vulnerability {unknown}
 k - 5 scrolls of teleportation {unknown}
 n - a scroll of immolation {unknown}
 r - a scroll of magic mapping {unknown}
 s - a scroll of holy word {unknown}
 t - 4 scrolls of identify
 A - 2 scrolls of amnesia {unknown}
 D - a scroll of fog {unknown}
Potions
 c - 6 potions of mutation
 e - 3 potions of heal wounds
 l - a potion of ambrosia
 m - 5 potions of curing
 w - a potion of haste
 E - a potion of might {unknown}


   Skills:
 - Level 9.0 Fighting
 - Level 10.0 Dodging
 - Level 5.0 Stealth
 - Level 2.0 Shields
 + Level 9.2 Spellcasting


You couldn't memorise any spells.
You knew the following spells:

 Your Spells              Type           Power      Damage    Failure   Level
a - Foxfire               Conj/Fire      100%       2x1d9     1%          1
b - Scorch                Fire           100%       2d10      1%          2
c - Conjure Flame         Conj/Fire      90%        6-21      1%          3
d - Inner Flame           Hex/Fire       90%        N/A       1%          3
e - Flame Wave            Conj/Fire      90%        2d13      1%          4
f - Sting                 Tmut/Pois      100%       1d8       1%          1
g - Blink                 Tloc           100%       N/A       1%          2
h - Ignite Poison         Fire/Tmut/Pois 90%        N/A       1%          3
i - Petrify               Tmut/Erth      70%        N/A       1%          4
j - Metabolic Englaciati  Hex/Ice        35%        N/A       1%          5
Your spell library was empty.

Dungeon Overview and Level Annotations

Branches:
Dungeon (9/15)             Temple (1/1) D:6            Lair (1/6) D:9
 Bailey (visited)
    Orc: D:9-12

Altars:
Ashenzari
Cheibriados
Dithmenos
Elyvilon
Fedhas
Gozag
Hepliaklqana
Kikubaaqudgha
Makhleb
Nemelex Xobeh
Okawaru
Qazlal
Ru
Sif Muna
Trog
Uskayaw
Vehumet
Wu Jian
Xom
Yredelemnul
Zin
The Shining One

Shops:
D:2 ((   D:4 (!?![   D:7 [


Innate Abilities, Weirdness & Mutations

You are immune to sickness and miasma.
You are immune to poison.
Your flesh is very heat resistant. (rF++)
You are vulnerable to cold. (rC-)
You float through the air rather than walking.
You learn spells naturally, not from books.
Your magical power is your life essence.
You have superior vitality. (+4 MHP)


Message History

Aiming: Sting (safe; 1% risk of failure)
Press: ? - help, Shift-Dir - straight line, f/p - dire elephant
Aim: a dire elephant (lightly wounded, poisoned, 100% to hit)
You feel a surge of power!
The sting hits the dire elephant but does no damage.
The dire elephant looks even sicker.
The dire elephant is lightly wounded.
The dire elephant tramples you!
You hold your ground!
The dire elephant barely misses you.
Casting: Sting (safe; 1% risk of failure)
Confirm with . or Enter, or press ? or * to list all spells.
Aiming: Sting (safe; 1% risk of failure)
Press: ? - help, Shift-Dir - straight line, f/p - dire elephant
Aim: a dire elephant (lightly wounded, very poisoned, 100% to hit)
You feel a surge of power!
The sting hits the dire elephant.
The dire elephant looks even sicker.
The dire elephant is lightly wounded.
The dire elephant tramples you!!
You are shoved backwards!
Casting: Sting (safe; 1% risk of failure)
Confirm with . or Enter, or press ? or * to list all spells.
Aiming: Sting (safe; 1% risk of failure)
Press: ? - help, Shift-Dir - straight line, f/p - dire elephant
Aim: a dire elephant (lightly wounded, very poisoned, 100% to hit)
You feel a surge of power!
The sting hits the dire elephant!
The dire elephant looks as sick as possible!
The dire elephant is lightly wounded.
The dire elephant tramples you!
* * * LOW HITPOINT WARNING * * *
You hold your ground!
The dire elephant trunk-slaps you but does no damage.
Casting: Sting (safe; 1% risk of failure)
Confirm with . or Enter, or press ? or * to list all spells.
You feel a surge of power!
You blink.
* * * LOW HITPOINT WARNING * * *
Casting: Blink (safe; 1% risk of failure)
Confirm with . or Enter, or press ? or * to list all spells.
You feel a surge of power!
You blink.
* * * LOW HITPOINT WARNING * * *
The dire elephant tramples you!!!
You die...

.................................
.................................
..#..............................
.##..............................
.................................
...#.............................
..##.............................
.####............................
..###...........@.....<..........
................Y................
................§......(.........
.................................
.................................
.................................
...............#.................
#.............##♣..♣.........♣♣♣.
#.............#♣♣♣♣♣♣........♣♣♣♣


You could see a dire elephant (very poisoned).

Vanquished Creatures
  Pikel (D:7)
  2 orc knights (Bailey)
  An ugly thing (D:8)
  Joseph (D:8)
  Maurice (D:9)
  A rime drake (Lair:1)
  2 komodo dragons
  5 blink frogs (Lair:1)
  3 yaks (D:9)
  3 wyverns
  A basilisk (Lair:1)
  7 water moccasins
  8 orc warriors
  An ice beast (D:7)
  2 necrophages
  5 wolves (Lair:1)
  2 ogres (D:5)
  2 centaurs
  4 lemures
  2 kobold brigands
  4 bullfrogs
  A wyvern zombie (D:8)
  A gnoll sergeant (D:6)
  3 scorpions (D:9)
  3 killer bees (D:7)
  7 wights (D:6)
  2 howler monkeys
  3 centaur zombies
  2 bullfrog zombies
  A centaur skeleton (D:7)
  8 hounds
  2 jellies
  A gnoll shaman (D:7)
  8 orc priests
  Crazy Yiuf (D:7)
  12 orc wizards
  5 iguanas
  A hound skeleton (D:4)
  A hound zombie (D:3)
  A howler monkey zombie (D:8)
  16 gnolls
  4 adders
  2 white imps (D:5)
  An ufetubus (D:5)
  2 adder skeletons
  2 dart slugs
  55 orcs
  2 ball pythons
  6 endoplasms
  A giant cockroach (D:2)
  9 goblins
  11 hobgoblins
  9 kobolds
  3 quokkas
  4 bats (D:2)
  2 frilled lizards (D:2)
  4 rats
254 creatures vanquished.

Vanquished Creatures (collateral kills)
  6 foxfires
6 creatures vanquished.

Vanquished Creatures (others)
  765 foxfires
  9 plants
  4 toadstools (Lair:1)
778 creatures vanquished.

Grand Total: 1038 creatures vanquished

Notes
Turn   | Place    | Note
-------+----------+-------------------------------------------
     0 | D:1      | blank1 the Djinni Fire Elementalist began the quest for the
                  | Orb.
     0 | D:1      | Reached XP level 1. HP: 15/15 MP: 0/0
   338 | D:1      | Reached XP level 2. HP: 18/22 MP: 0/0
  1185 | D:1      | Reached skill level 1 in Fighting
  1185 | D:1      | Reached XP level 3. HP: 27/27 MP: 0/0
  1185 | D:1      | Learned a level 1 spell: Sting
  1348 | D:2      | Reached skill level 3 in Dodging
  1350 | D:2      | Reached XP level 4. HP: 10/32 MP: 0/0
  1718 | D:2      | Found Wupot's Weapon Emporium.
  1905 | D:2      | Identified the +3 spear of Demand {flame, rElec rC+ SInv}
  1994 | D:2      | Found Noippuhy's Weapon Shoppe.
  2447 | D:2      | Found a faded altar of an unknown god.
  2964 | D:3      | Reached XP level 5. HP: 33/38 MP: 0/0
  2964 | D:3      | Learned a level 2 spell: Blink
  3628 | D:4      | Reached XP level 6. HP: 32/45 MP: 0/0
  3778 | D:4      | Noticed a necrophage
  3782 | D:4      | Killed a necrophage
  3891 | D:4      | Found Puidic's Distillery.
  3945 | D:4      | Found Bicus's Armour Emporium.
  4109 | D:4      | Found Pesykoosch's Antique Weapon Shop.
  4222 | D:4      | Reached XP level 7. HP: 46/52 MP: 0/0
  4222 | D:4      | Learned a level 3 spell: Ignite Poison
  4345 | D:4      | Reached skill level 4 in Dodging
  4710 | D:4      | Found Sevvik's Magic Scroll Emporium.
  4745 | D:4      | Found Jeism's Distillery.
  4903 | D:5      | Entered Level 5 of the Dungeon
  4950 | D:5      | Reached skill level 5 in Dodging
  5255 | D:5      | Reached XP level 8. HP: 40/58 MP: 0/0
  5451 | D:5      | Reached skill level 5 in Fighting
  6100 | D:6      | Reached skill level 5 in Spellcasting
  6667 | D:6      | Reached skill level 6 in Dodging
  6985 | D:6      | Reached XP level 9. HP: 61/67 MP: 0/0
  6985 | D:6      | Learned a level 4 spell: Petrify
  7079 | D:6      | Found a staircase to the Ecumenical Temple.
  7099 | Temple   | Entered the Ecumenical Temple
  7150 | Temple   | Became a worshipper of Makhleb the Destroyer
  7928 | D:4      | Bought the +1 pair of gloves of Gihauruq {Stlth+} for 193
                  | gold pieces
  8016 | D:7      | Noticed Pikel
  8294 | D:7      | Killed Pikel
  8387 | D:7      | Found a runed translucent door.
  8412 | D:7      | Reached skill level 7 in Dodging
  8494 | D:7      | Found a flagged portal.
  8501 | Bailey   | Entered a bailey
  8619 | Bailey   | Reached * piety under Makhleb
  8769 | Bailey   | Reached skill level 8 in Dodging
  8769 | Bailey   | Reached XP level 10. HP: 64/76 MP: 0/0
  8898 | Bailey   | Noticed an orc knight
  9044 | Bailey   | Noticed an orc knight
  9052 | Bailey   | Killed an orc knight
  9081 | Bailey   | Killed an orc knight
  9340 | Bailey   | Identified the +6 plate armour of Divine Compulsion {*Slow
                  | rC+ rN+}
  9645 | D:7      | Found Dobrynya's Dragon-Slaying Spoils.
  9815 | D:7      | Noticed Crazy Yiuf
  9929 | D:7      | Killed Crazy Yiuf
 10122 | D:8      | Noticed a red ugly thing
 10128 | D:8      | Reached ** piety under Makhleb
 10615 | D:8      | Killed a red ugly thing
 10616 | D:8      | Reached skill level 5 in Stealth
 10923 | D:8      | Noticed Joseph
 10943 | D:8      | Killed Joseph
 11731 | D:8      | Identified the amulet "Sak Ros" {RegenMP Int+6}
 11766 | D:9      | Found a bloodstained altar of Trog.
 11772 | D:9      | Reached XP level 11. HP: 79/81 MP: 0/0
 11772 | D:9      | Learned a level 5 spell: Metabolic Englaciation
 12228 | D:9      | Found a staircase to the Lair.
 12275 | D:9      | Reached skill level 1 in Shields
 12280 | D:9      | Reached skill level 9 in Dodging
 12738 | D:9      | Identified the +1 leather armour of the Trombone {rN+
                  | Stlth+}
 12746 | D:9      | Noticed Maurice
 13114 | D:9      | Killed Maurice
 13452 | Lair:1   | Entered Level 1 of the Lair of Beasts
 13475 | Lair:1   | Reached skill level 10 in Dodging
 13649 | Lair:1   | Noticed an elephant
 13658 | Lair:1   | Found a runed translucent door.
 13662 | Lair:1   | Noticed an elephant
 13682 | Lair:1   | Noticed a catoblepas
 13682 | Lair:1   | Noticed a dire elephant
 13970 | Lair:1   | Reached *** piety under Makhleb
 14668 | Lair:1   | Annihilated by a dire elephant

Illustrated notes

Levels and vault maps discovered:
D:1:      psy_arrival_whirlpool, layout_loops_ring
D:2:      layout_loops_ring, serial_shops, nicolae_shop_bloodbath_and_beyond,
          shop, chequers_ecumenical_altar_lobes
D:3:      layout_basic
D:4:      layout_basic, serial_shops, nicolae_shop_crystal,
          nicolae_shop_crystal, nicolae_shop_temple_entry_statues_fountains,
          kennysheep_mini, nicolae_lakefront_shop
D:5:      layout_basic
D:6:      layout_loops_corners, minmay_temple_entry_trees,
          kennysheep_generic_room_4
D:7:      layout_cave_pools, enter_bailey_4, minmay_misc_feat_columns,
          nicolae_shop_dragon_depot, uniq_crazy_yiuf_cottage, uniq_pikel
D:8:      layout_basic, kennysheep_generic_room_7, uniq_joseph
D:9:      layout_basic, trog_butcher_becter, david_lair_shrubbed,
          blue_anna_alchemist, uniq_maurice
Temple:   grunt_wide_crystal_templ
Lair:1:   gammafunk_lair_enchanted_lake, layout_cave_shapes

Skill      XL: |  1  2  3  4  5  6  7  8  9 10 11 |
---------------+----------------------------------+-----
Stealth        | 2 5 |  5.0
Fighting       | 1 2 4 6 8 9 |  9.0
Dodging        | 3 5 6 8 10 | 10.0
Spellcasting   | 3 4 5 6 8 9 |  9.2
Shields        | 2 |  2.0

Action                   |  1- 3 |  4- 6 |  7- 9 | 10-12 || total
-------------------------+-------+-------+-------+-------++-------
Melee: Dagger            |     7 |       |       |       ||     7
       Punch             |     1 |       |       |       ||     1
       Staff             |       |       |       |     2 ||     2
 Cast: Foxfire           |    32 |    58 |   135 |   221 ||   446
       Scorch            |     9 |    40 |    91 |   117 ||   257
       Sting             |       |       |     5 |    14 ||    19
       Conjure Flame     |       |       |     7 |     6 ||    13
       Ignite Poison     |       |       |     2 |       ||     2
       Petrify           |       |       |     1 |     4 ||     5
       Flame Wave        |       |       |     1 |     2 ||     3
       Blink             |       |       |       |     3 ||     3
       Metabolic Englaci |       |       |       |     7 ||     7
  Use: Scroll            |       |     4 |     5 |     2 ||    11
Armor: Robe              |       |       |     8 |     5 ||    13
Dodge: Dodged            |     6 |       |    36 |    35 ||    77
Block: Other             |       |     1 |     8 |    11 ||    20
       Reflection        |       |       |       |     1 ||     1

Table legend: (Time is in decaauts)
 A = Elapsed time spent in this place.
 B = Non-inter-level travel time spent in this place.
 C = Inter-level travel time spent in this place.
 D = Time resting spent in this place.
 E = Time spent auto-exploring this place.
 F = Levels seen in this place.
 G = Mean time per level.
                   A        B        C        D        E       F      G
               +--------+--------+--------+--------+--------+-----+--------+
         Total |  14675 |  14092 |    583 |   2804 |   9089 |  12 | 1222.9 |
       Dungeon |  12712 |  12141 |    571 |   2544 |   7833 |   9 | 1412.4 |
        Temple |     64 |     52 |     12 |      0 |     32 |   1 |   64.0 |
          Lair |   1047 |   1047 |      0 |      2 |    832 |   1 | 1047.0 |
        Bailey |    850 |    850 |      0 |    258 |    392 |   1 |  850.0 |
               +--------+--------+--------+--------+--------+-----+--------+

Top non-repeatable levels by time:
     D:6: 2052 daAuts
     D:9: 1860 daAuts
     D:8: 1354 daAuts
     D:1: 1304 daAuts
     D:7: 1289 daAuts
     D:3: 1252 daAuts
     D:5: 1216 daAuts
     D:2: 1200 daAuts
     D:4: 1181 daAuts
  Lair:1: 1047 daAuts
  Bailey: 850 daAuts
  Temple: 64 daAuts
